 Dungeon Sprint DCSS version 0.16-a0-3803-gd4b2de5 (webtiles) character file.

341 PolkaDot the Fighter (level 6, -2/67 HPs)
             Began as a Draconian Monk on Jan 26, 2015.
             Was a Follower of Qazlal.
             Slain by Sonja
             ... wielding a +0 dagger of draining
              (3 damage)
             ... in the Dungeon (Sprint I: "Red Sonja").
             The game lasted 00:02:40 (968 turns).

PolkaDot the Fighter (Draconian Monk)                Turns: 968, Time: 00:02:41

Health: -2/67      AC:  6    Str: 14    XL:     6   Next: 30%
Magic:  3/6        EV: 11    Int: 12    God:    Qazlal [*.....]
Gold:   256        SH:  2    Dex: 13    Spells: 0 memorised, 5 levels left

rFire  . . .     SeeInvis .     (no weapon)
rCold  . . .     Clarity  .     (armour unavailable)
rNeg   . . .     SustAb   .     (no shield)
rPois  .         Gourm    .     (helmet restricted)
rElec  .         Spirit   .     (no cloak)
rCorr  .         Warding  .     (no gloves)
rMut   .         NoTele   +     (no boots)
MR     .....                    (no amulet)
Stlth  +.........               (no ring)
                                (no ring)

@: very slightly contaminated, hasted, very heavily drained, very quick, not
resistant to hostile enchantments, very unstealthy
A: unfitting armour, cold-blooded, AC +6
a: Renounce Religion


You were in the Dungeon.
You worshipped Qazlal.
Qazlal was aware of your devotion.
You were not hungry.

You visited 1 branch You collected 301 gold pieces.
You spent 45 gold pieces at shops.

Inventory:

Magical devices
 a - a wand of hasting (0)
Scrolls
 h - a scroll of blinking
Potions
 c - a potion of curing
 f - 2 potions of magic
Comestibles
 b - a bread ration


   Skills:
 + Level 10.8(0.0) Fighting
 - Level 2.6(0.0) Dodging
 - Level 1.7(0.0) Stealth
 + Level 10.3(0.0) Unarmed Combat


You had 5 spell levels left.
You didn't know any spells.

Dungeon Overview and Level Annotations

Branches:
Dungeon (1/1)

Altars:
Elyvilon
Gozag
Kikubaaqudgha
Makhleb
Nemelex Xobeh
Okawaru
Qazlal
Ru
Sif Muna
Trog
Vehumet
Xom
Yredelemnul
Zin
The Shining One

Shops:
D ?

Annotations:
D Sonja


Innate Abilities, Weirdness & Mutations

Your plain brown scales are hard (AC +6).
Your body does not fit into most forms of armour.
Your cold-blooded metabolism reacts poorly to cold.


Message History

* * * LOW HITPOINT WARNING * * *
You feel drained.
* * * LOW HITPOINT WARNING * * *
Sonja completely misses you.
Sonja hits you with an uncursed dagger of draining.
* * * LOW HITPOINT WARNING * * *
You feel drained.
You closely miss Sonja.
Sonja is heavily wounded.
You block Sonja's attack.
Sonja hits you with an uncursed dagger of draining.
* * * LOW HITPOINT WARNING * * *
You feel drained.
* * * LOW HITPOINT WARNING * * *
Sonja hits you but does no damage.
You feel drained.
You closely miss Sonja.
Your tail-slap misses Sonja.
Sonja is heavily wounded.
Sonja hits you but does no damage.
You feel drained.
Sonja hits you with an uncursed dagger of draining.
You die...

################***********
#<.#..').#.)'..#__*,,+,,,*,
#..'..#..'..#..+,,+,,*,,,**
#..#####'#####'#__****,,,+,
#..####..#...#)#***,,*****,
#..#__####@K##.#≈≈≈,,*,,**+
#..#_..__##+#..+≈≈≈,,+,,*,,
#⌠⌠#_.∩...'..._#≈≈≈,,*,,*,,
####_..._##_.#'#*+*****+***
*,,#_____###'#)#,,,,***,+,*
***#######**.###*+***,***,*
*∩,,,,,,,,+,.$+,,,,,+,∩**,*
***++++****,.$#**********,*
*,,,,,,,****.##*,,,,,,,**,*


You could see Sonja.

Vanquished Creatures
  A yak (D)
  An ogre (D)
  Sigmund (D)
  A jelly (D)
  Ijyb (D)
5 creatures vanquished.

Notes
Turn   | Place    | Note
--------------------------------------------------------------
     0 | D        | PolkaDot, the Draconian Monk, began the quest for the Orb.
     0 | D        | Reached XP level 1. HP: 19/19 MP: 1/1
     2 | D        | Noticed Ijyb
    30 | D        | Killed Ijyb
    30 | D        | Reached skill level 5 in Fighting
    30 | D        | Reached skill level 5 in Unarmed Combat
    30 | D        | Reached XP level 2. HP: 6/29 MP: 2/2
   284 | D        | Noticed an ogre
   299 | D        | Killed an ogre
   299 | D        | Reached skill level 7 in Fighting
   299 | D        | Reached XP level 3. HP: 4/40 MP: 3/3
   299 | D        | Reached XP level 4. HP: 4/48 MP: 4/4
   592 | D        | Noticed Sigmund
   607 | D        | Killed Sigmund
   607 | D        | Reached skill level 9 in Fighting
   607 | D        | Reached XP level 5. HP: 47/57 MP: 5/5
   668 | D        | Found a deep blue altar of Sif Muna.
   669 | D        | Noticed a jelly
   670 | D        | Found a radiant altar of Vehumet.
   672 | D        | Killed a jelly
   699 | D        | Found Grehagg's Magic Scroll Emporium.
   699 | D        | Found a white marble altar of Elyvilon.
   699 | D        | Found a stormy altar of Qazlal.
   699 | D        | Found a burning altar of Makhleb.
   699 | D        | Found a sacrificial altar of Ru.
   699 | D        | Found a basalt altar of Yredelemnul.
   699 | D        | Found a glowing golden altar of the Shining One.
   699 | D        | Found a sparkling altar of Nemelex Xobeh.
   699 | D        | Found a shimmering altar of Xom.
   699 | D        | Found an opulent altar of Gozag.
   699 | D        | Found an ancient bone altar of Kikubaaqudgha.
   699 | D        | Found a glowing silver altar of Zin.
   699 | D        | Noticed a yak
   700 | D        | Found an iron altar of Okawaru.
   711 | D        | Killed a yak
   711 | D        | Reached skill level 10 in Fighting
   711 | D        | Reached skill level 10 in Unarmed Combat
   711 | D        | Reached XP level 6. HP: 32/67 MP: 6/6
   712 | D        | Found a bloodstained altar of Trog.
   914 | D        | Bought a scroll of magic mapping for 45 gold pieces
   917 | D        | Became a worshipper of Qazlal Stormbringer
   917 | D        | Acquired Qazlal's first power
   917 | D        | Acquired Qazlal's second power
   921 | D        | Noticed Sonja
   967 | D        | HP: 2/67 [Sonja/uncursed dagger of draining (3)]
   968 | D        | Slain by Sonja

Action                   |  1- 3 |  4- 6 || total
-------------------------+-------+-------++-------
Melee: Unarmed           |    41 |    64 ||   105
Invok: Upheaval          |       |     1 ||     1
Evoke: Wand              |     1 |       ||     1
  Use: Potion            |       |     3 ||     3
       Scroll            |       |     1 ||     1
  Eat: Chunk             |       |     1 ||     1
